 Dungeon Crawl Stone Soup version 0.29.1-1-gd02db6906a (webtiles) character file.

Game seed: 13176839236392009505

3184 RogueRain17 the Skirmisher (level 9, 0/71 HPs)
             Began as a Gnoll Hunter on Oct 14, 2022.
             Was a Follower of Sif Muna.
             Slain by a bullfrog (6 damage)
             ... on level 8 of the Dungeon.
             The game lasted 00:30:51 (9704 turns).

RogueRain17 the Skirmisher (Gnoll Hunter)           Turns: 9704, Time: 00:30:53

Health: 0/71       AC:  7    Str: 10    XL:     9   Next: 95%
Magic:  16/16      EV: 15    Int: 12    God:    Sif Muna [*.....]
Gold:   96         SH:  5    Dex: 17    Spells: 11/17 levels left

rFire   . . .      SeeInvis .   a - +0 shortbow (vorpal)
rCold   . . .      Faith    .   (shield currently unavailable)
rNeg    . . .      Spirit   .   c - +0 leather armour
rPois   .          Reflect  +   (no helmet)
rElec   .          Harm     .   g - +0 cloak
rCorr   .          Rampage  .   (no gloves)
Will    .....                   i - +1 pair of boots
Stlth   +++.......              d - amulet of reflection
HPRegen 0.21/turn               (no ring)
MPRegen 0.15/turn               (no ring)

@: no status effects
A: fangs 1, strong nose, distributed training
a: Renounce Religion, Channel Magic


You were on level 8 of the Dungeon.
You worshipped Sif Muna.
Sif Muna was aware of your devotion.
You visited 2 branches of the dungeon, and saw 9 of its levels.

You collected 656 gold pieces.
You spent 560 gold pieces at shops.

Inventory:

Hand Weapons
 a - a +0 vorpal shortbow (weapon)
 s - a +1 dagger of electrocution
 y - the +5 quick blade "Zaibb" {flame, rF- rC- rN+++ rCorr}
   (You bought it in a shop on level 6 of the Dungeon)

   It burns those it strikes, dealing additional fire damage.
   rF:        It makes you vulnerable to fire.
   rC:        It makes you vulnerable to cold.
   rN:        It renders you almost immune to negative energy.
   rCorr:     It protects you from acid and corrosion.
Missiles
 l - a throwing net
 x - 2 silver javelins
Armour
 c - a +0 leather armour (worn)
 g - a +0 cloak (worn)
 i - a +1 pair of boots (worn)
Jewellery
 d - an amulet of reflection (around neck)
 n - a ring of protection from fire
 r - a +4 ring of evasion
 A - a ring of see invisible
Scrolls
 u - a scroll of brand weapon
 w - 2 scrolls of identify
 z - a scroll of amnesia {unknown}
Potions
 b - a potion of berserk rage {unknown}
 f - 5 potions of heal wounds {unknown}
 j - 3 potions of haste {unknown}
 k - 2 potions of cancellation {unknown}
 m - a potion of might {unknown}
 o - 2 potions of degeneration {unknown}
 p - a potion of mutation {unknown}
 q - a potion of flight {unknown}
 t - a potion of attraction {unknown}


   Skills:
 + Level 6.8 Fighting
 + Level 4.9 Short Blades
 + Level 4.9 Long Blades
 + Level 4.9 Axes
 + Level 4.9 Maces & Flails
 + Level 4.9 Polearms
 + Level 4.9 Staves
 + Level 9.9 Ranged Weapons
 + Level 4.9 Throwing
 + Level 4.9 Armour
 + Level 6.8 Dodging
 + Level 5.5 Stealth
 + Level 4.9 Shields
 + Level 4.9 Unarmed Combat
 + Level 4.9 Spellcasting
 + Level 4.0 Conjurations
 + Level 4.0 Hexes
 + Level 4.0 Summonings
 + Level 4.0 Necromancy
 + Level 4.0 Translocations
 + Level 4.0 Transmutations
 + Level 4.0 Fire Magic
 + Level 4.0 Ice Magic
 + Level 4.0 Air Magic
 + Level 4.0 Earth Magic
 + Level 4.0 Poison Magic
 + Level 5.4 Invocations
 + Level 4.9 Evocations


You had 11 spell levels left.
You knew the following spells:

 Your Spells              Type           Power      Damage    Failure   Level
a - Portal Projectile     Hex/Tloc       24%        N/A       16%         3
b - Swiftness             Air            12%        N/A       16%         3

Your spell library contained the following spells:

 Spells                   Type           Power      Damage    Failure   Level
 Apportation              Tloc           24%        N/A       4%          1
 Necrotise                Necr           48%        1d6       4%          1
 Summon Small Mammal      Summ           48%        N/A       4%          1
 Ensorcelled Hibernation  Hex/Ice        24%        N/A       8%          2
 Passwall                 Tmut/Erth      10%        N/A       8%          2
 Sublimation of Blood     Necr           12%        N/A       8%          2
 Call Canine Familiar     Summ           12%        N/A       16%         3
 Corpse Rot               Necr/Pois/Air  12%        N/A       45%         4
 Dispel Undead            Necr           12%        3d9       45%         4
 Leda's Liquefaction      Hex/Erth       6%         N/A       45%         4
 Petrify                  Tmut/Erth      12%        N/A       45%         4
 Irradiate                Conj/Tmut      6%         3d13      80%         5
 Death Channel            Necr           6%         N/A       100%        6


Dungeon Overview and Level Annotations

Branches:
Dungeon (8/15)             Temple (1/1) D:6
   Lair: D:8-11

Altars:
Cheibriados
Dithmenos
Elyvilon
Fedhas
Gozag
Kikubaaqudgha
Makhleb
Nemelex Xobeh
Okawaru
Qazlal
Ru
Sif Muna
Trog
Uskayaw
Vehumet
Wu Jian
Xom
Yredelemnul
Zin
The Shining One

Shops:
D:6 *([(

Annotations:
D:4 1 transporter, xian's ghost, weakling DsDe
D:6 2 transporters


Innate Abilities, Weirdness & Mutations

You have very sharp teeth.
Your uncanny sense of smell can sniff out nearby items.
Your experience applies equally to all skills.


Message History

You are engulfed in a cloud of scalding steam.
The steam dragon barely misses you. x2
Fire: a) +0 shortbow (vorpal)
Press: ? - help, Q - select action, (/) - cycle Shift-Dir - straight line, f/p - steam dragon
Aim: a steam dragon (almost dead, 67% to hit)
You shoot an arrow. The arrow hits the steam dragon.
You kill the steam dragon!
Sif Muna accepts your kill.
The steam dragon scales are intact enough to wear.
You are engulfed in a cloud of scalding steam.
* * * LOW HITPOINT WARNING * * *
You feel better. The bullfrog hits you.
* * * LOW HITPOINT WARNING * * *
The bullfrog hits you but does no damage.
Fire: a) +0 shortbow (vorpal)
Press: ? - help, Q - select action, (/) - cycle Shift-Dir - straight line, f - bullfrog
Aim: a bullfrog (61% to hit)
You shoot an arrow. The arrow closely misses the bullfrog.
The bullfrog hits you.
* * * LOW HITPOINT WARNING * * *
You block the bullfrog's attack.
Fire: a) +0 shortbow (vorpal)
Press: ? - help, Q - select action, (/) - cycle Shift-Dir - straight line, f/p - bullfrog
Aim: a bullfrog (61% to hit)
You shoot an arrow. The arrow barely misses the bullfrog.
The bullfrog misses you.
Unknown command.
Fire: a) +0 shortbow (vorpal)
Press: ? - help, Q - select action, (/) - cycle Shift-Dir - straight line, f/p - bullfrog
Aim: a bullfrog (61% to hit)
You shoot an arrow. The arrow barely misses the bullfrog.
You block the bullfrog's attack. The bullfrog hits you.
* * * LOW HITPOINT WARNING * * *
Fire: a) +0 shortbow (vorpal)
Press: ? - help, Q - select action, (/) - cycle Shift-Dir - straight line, f/p - bullfrog
Aim: a bullfrog (61% to hit)
You shoot an arrow. The arrow hits the bullfrog.
The bullfrog is moderately wounded.
The bullfrog hits you.
You die...

.....#..).# ...#...###
..........##
#.....#.#..# #####
###.###.##.# #####....
.. #.##.## ##...#.... .#
#.##†<# ####....#....
####..##[###$......#....
.......@..........##....
##....F#........#.......
#.............<#####....
................#.......
................))).....
................####....
................# #####
................#
...........


You could see a bullfrog.

Vanquished Creatures
  3 steam dragons
  Edmund (D:4)
  A water moccasin (D:5)
  An ice beast (D:6)
  A boggart (D:5)
  2 black bears (D:5)
  4 ogres
  2 centaurs (D:8)
  3 phantoms
  2 kobold brigands
  2 bullfrogs
  A necrophage (D:5)
  3 scorpions
  7 killer bees
  7 hounds
  2 orc priests
  An iguana (D:5)
  5 orc wizards
  9 adders
  8 gnolls
  2 shadow imps (D:5)
  A white imp (D:6)
  3 ufetubi
  3 worms
  4 dart slugs
  21 orcs
  4 bats
  5 endoplasms
  2 giant cockroaches
  6 goblins
  8 hobgoblins
  10 jackals
  9 quokkas
  11 ball pythons
  A frilled lizard (D:3)
  14 kobolds
  7 rats
  2 rat zombies (D:5)
  A spectral orc (D:6)
179 creatures vanquished.

Vanquished Creatures (collateral kills)
  An orc (D:6)
  3 jackals (D:4)
  6 kobolds (D:6)
10 creatures vanquished.

Vanquished Creatures (others)
  A killer bee (D:7)
  An orc wizard (D:7)
  4 plants (D:3)
6 creatures vanquished.

Grand Total: 195 creatures vanquished

Notes
Turn   | Place    | Note
-------+----------+-------------------------------------------
     0 | D:1      | RogueRain17 the Gnoll Hunter began the quest for the Orb.
     0 | D:1      | Reached XP level 1. HP: 20/20 MP: 1/1
    81 | D:1      | Reached XP level 2. HP: 22/26 MP: 2/2
   369 | D:1      | Reached XP level 3. HP: 29/31 MP: 3/3
  1195 | D:2      | Reached skill level 1 in Invocations
  1341 | D:2      | Reached skill level 1 in Short Blades
  1341 | D:2      | Reached skill level 1 in Long Blades
  1341 | D:2      | Reached skill level 1 in Axes
  1341 | D:2      | Reached skill level 1 in Maces & Flails
  1341 | D:2      | Reached skill level 1 in Polearms
  1341 | D:2      | Reached skill level 1 in Staves
  1341 | D:2      | Reached skill level 1 in Throwing
  1341 | D:2      | Reached skill level 1 in Armour
  1341 | D:2      | Reached skill level 1 in Shields
  1341 | D:2      | Reached skill level 1 in Unarmed Combat
  1341 | D:2      | Reached skill level 1 in Spellcasting
  1341 | D:2      | Reached skill level 1 in Evocations
  1467 | D:2      | Reached XP level 4. HP: 38/38 MP: 5/5
  1897 | D:2      | Reached skill level 1 in Conjurations
  1897 | D:2      | Reached skill level 1 in Hexes
  1897 | D:2      | Reached skill level 1 in Summonings
  1897 | D:2      | Reached skill level 1 in Necromancy
  1897 | D:2      | Reached skill level 1 in Translocations
  1897 | D:2      | Reached skill level 1 in Transmutations
  1897 | D:2      | Reached skill level 1 in Fire Magic
  1897 | D:2      | Reached skill level 1 in Ice Magic
  1897 | D:2      | Reached skill level 1 in Air Magic
  1897 | D:2      | Reached skill level 1 in Earth Magic
  1897 | D:2      | Reached skill level 1 in Poison Magic
  1939 | D:2      | Found an opulent altar of Gozag.
  2348 | D:3      | Found a faded altar of an unknown god.
  2518 | D:3      | Reached XP level 5. HP: 43/43 MP: 7/7
  2814 | D:4      | HP: 2/43 [cloud of flame (17)]
  3118 | D:4      | Noticed xian's ghost (weakling DsDe)
  3119 | D:4      | Found a transporter.
  3119 | D:4      | Noticed an ogre
  3121 | D:4      | Noticed an ogre
  3287 | D:4      | Noticed an ogre
  3300 | D:4      | Killed an ogre
  3301 | D:4      | Reached skill level 5 in Fighting
  3301 | D:4      | Reached skill level 5 in Dodging
  3301 | D:4      | Reached XP level 6. HP: 51/51 MP: 7/9
  3391 | D:4      | Noticed Edmund
  3967 | D:4      | Found a glowing golden altar of the Shining One.
  4090 | D:4      | Killed Edmund
  4091 | D:4      | Reached XP level 7. HP: 24/56 MP: 10/10
  4296 | D:5      | Entered Level 5 of the Dungeon
  4913 | D:5      | Reached skill level 9 in Ranged Weapons
  5596 | D:5      | Found an ancient bone altar of Kikubaaqudgha.
  5626 | D:5      | Reached XP level 8. HP: 61/63 MP: 12/12
  6931 | D:6      | Found a transporter.
  6970 | D:6      | Reached XP level 9. HP: 55/69 MP: 14/14
  7052 | D:6      | Found a staircase to the Ecumenical Temple.
  7061 | D:6      | Found Iwouwu's Antique Weapon Shoppe.
  7067 | Temple   | Entered the Ecumenical Temple
  7117 | Temple   | Became a worshipper of Sif Muna the Loreminder
  7165 | D:6      | Bought a shimmering quick blade for 560 gold pieces
  7165 | D:6      | Identified the +5 quick blade "Zaibb" {flame, rF- rC- rN+++
                  | rCorr} (You bought it in a shop on level 6 of the Dungeon)
  7224 | D:6      | Found a transporter.
  7583 | D:6      | Found Jetwofoj's General Store.
  7723 | D:6      | Noticed a +0 short sword
  7723 | D:6      | Noticed a +0 short sword
  7723 | D:6      | Noticed a +0 dagger
  7723 | D:6      | Noticed a +0 spear
  7723 | D:6      | Noticed a +0 falchion
  7723 | D:6      | Noticed a +0 dagger
  7723 | D:6      | Noticed a +0 spear
  7723 | D:6      | Noticed a +0 falchion
  7736 | D:6      | Reached skill level 5 in Stealth
  7824 | D:6      | Found Haemeac's Antique Weapon Shoppe.
  7848 | D:6      | Found a basalt altar of Yredelemnul.
  7906 | D:6      | Found Wapnotusm's Antique Armour Boutique.
  8077 | D:6      | Found a hide-covered altar of Uskayaw.
  8141 | D:7      | Found an ornate altar of the Wu Jian Council.
  8365 | D:7      | Found a stormy altar of Qazlal.
  8837 | D:7      | Reached skill level 5 in Invocations
  9380 | D:7      | Reached * piety under Sif Muna
  9530 | D:7      | Learned a level 3 spell: Portal Projectile
  9534 | D:7      | Learned a level 3 spell: Swiftness
  9704 | D:8      | Slain by a bullfrog

Illustrated notes

Levels and vault maps discovered:
D:1:      noname_arrival_rooms_in_the_neighbourhood, layout_basic
D:2:      layout_loops_ring, basic_altar, serial_park_tiny_pond
D:3:      layout_rooms, serial_bayou, serial_bayou_shore_a,
          serial_bayou_crossing, serial_bayou_ford_a, serial_bayou_pond_c,
          hellmonk_ecumenical_altar_lost_god
D:4:      layout_loops_ring, tso_metal_star, gammafunk_ghost_smash, uniq_edmund
D:5:      minmay_polygon_palace, layout_loops_corners,
          lemuel_zombie_altar_kikubaaqudgha, kennysheep_nondescript
D:6:      gammafunk_steamed_eel, layout_basic,
          yredelemnul_forgotten_temple_becter, nicolae_uskayaw_en_pointe,
          minmay_temple_entry_sparse_star, serial_shops, shop_fountains,
          nicolae_shop_waterfront, shop, shop, kennysheep_windowed_goal
D:7:      layout_rooms, grunt_temple_overflow_open
D:8:      layout_rooms, nicolae_hepliaklqana_monster_ancestors, enter_bailey_8,
          chequers_serial_rivers_small_a
Temple:   eino_temple_water

Skill      XL: |  1  2  3  4  5  6  7  8  9 |
---------------+----------------------------+-----
Invocations    | 1 2 3 4 5 |  5.4
Short Blades   | 1 2 3 4 |  4.9
Long Blades    | 1 2 3 4 |  4.9
Axes           | 1 2 3 4 |  4.9
Maces & Flails | 1 2 3 4 |  4.9
Polearms       | 1 2 3 4 |  4.9
Staves         | 1 2 3 4 |  4.9
Throwing       | 1 2 3 4 |  4.9
Armour         | 1 2 3 4 |  4.9
Shields        | 1 2 3 4 |  4.9
Unarmed Combat | 1 2 3 4 |  4.9
Spellcasting   | 1 2 3 4 |  4.9
Evocations     | 1 2 3 4 |  4.9
Conjurations   | 1 2 3 4 |  4.0
Hexes          | 1 2 3 4 |  4.0
Summonings     | 1 2 3 4 |  4.0
Necromancy     | 1 2 3 4 |  4.0
Translocations | 1 2 3 4 |  4.0
Transmutations | 1 2 3 4 |  4.0
Fire Magic     | 1 2 3 4 |  4.0
Ice Magic      | 1 2 3 4 |  4.0
Air Magic      | 1 2 3 4 |  4.0
Earth Magic    | 1 2 3 4 |  4.0
Poison Magic   | 1 2 3 4 |  4.0
Fighting       | 5 6 |  6.8
Dodging        | 5 6 |  6.8
Stealth        | 3 4 5 |  5.5
Ranged Weapons | 9 |  9.9

Action                   |  1- 3 |  4- 6 |  7- 9 || total
-------------------------+-------+-------+-------++-------
 Fire: Shortbow          |   116 |   149 |   495 ||   760
 Cast: Portal Projectile |       |       |     1 ||     1
Evoke: Wand              |       |     6 |    11 ||    17
  Use: Scroll            |     3 |     6 |     2 ||    11
       Potion            |       |       |     9 ||     9
Armor: Leather armour    |     5 |    21 |    97 ||   123
Dodge: Dodged            |    15 |    38 |   297 ||   350
Block: Other             |    13 |    10 |    85 ||   108
       Reflection        |       |       |     2 ||     2
